 Dungeon Crawl Stone Soup version 0.31.0-12-g77e489cdc1 (webtiles) character file.

Game seed: 373760541069949840

1 lordive the Changeling (level 1, 0/15 HPs)
             Began as a Merfolk Shapeshifter on Feb 29, 2024.
             Slain by a bat (1 damage)
             ... on level 1 of the Dungeon.
             The game lasted 00:00:19 (34 turns).

lordive the Changeling (Merfolk Shapeshifter)         Turns: 34, Time: 00:00:20

Health: 0/15       AC:  2    Str: 14    XL:     1   Next: 20%
Magic:  1/1        EV: 12    Int:  9    God:
Gold:   11         SH:  0    Dex: 13    Spells: 0/0 levels left

rFire   . .          .
                       - Unarmed
rCold   . . .        (no shield)
rNeg    . . .        a - +0 animal skin
rPois   .            (helmet currently unavailable)
rElec   .            (cloak currently unavailable)
rCorr   .            (gloves currently unavailable)
SInv    .            (boots currently unavailable)
Will    .....        (no amulet)
Stlth   +            (no ring)
HPRegen 0.22/turn    (no ring)
MPRegen 0.07/turn

%: no passive effects
@: beast-form
A: beast (slay +2), (nimble swimmer 2), mertail
a: Begin Untransformation


You were on level 1 of the Dungeon.
You were a hulking beast.
You visited 1 branch of the dungeon, and saw 1 of its levels.

You collected 11 gold pieces.

Inventory:

Armour
 a - a +0 animal skin (worn)
Talismans
 c - a beast talisman (active)
 d - a flux talisman
Scrolls
 e - a scroll of identify {unknown}
Potions
 b - a potion of lignification


   Skills:
 + Level 1.1 Fighting
 + Level 2.6 Dodging
 + Level 3.2 Unarmed Combat
 + Level 4.1 Shapeshifting


You couldn't memorise any spells.
You didn't know any spells.
Your spell library was empty.

Dungeon Overview and Level Annotations

Branches:
Dungeon (1/15)

Altars:


Innate Abilities, Weirdness & Mutations

You are a hulking beast.
Your limbs bulge with bestial killing power. (Slay +2)
((You are very nimble when in or above water. (Stealth+, EV+, Speed+++)))
Your lower body shifts to a powerful aquatic tail in water.


Message History

You hear a bark! 2 jackals come into view.
The jackal barks! x2
The rat barely misses you. The jackal completely misses you.
You closely miss the jackal. The jackal bites you. The rat bites you.
You hit the endoplasm.
The endoplasm is almost dead.
The jackal bites you. The bat hits you.
You punch the endoplasm!
You kill the endoplasm!
The bat hits you but does no damage. The rat bites you. The bat hits you.
The jackal misses you.
You are too injured to fight recklessly!
You are too injured to fight recklessly!
You are too injured to fight recklessly!
You are too injured to fight recklessly!
You are too injured to fight recklessly!
You are too injured to fight recklessly!
You are too injured to fight recklessly!
You are too injured to fight recklessly!
You are too injured to fight recklessly!
You are too injured to fight recklessly!
You are too injured to fight recklessly!
You are too injured to fight recklessly!
You are too injured to fight recklessly!
You are too injured to fight recklessly!
You are too injured to fight recklessly!
Unknown command.
The bat hits you but does no damage. The jackal bites you.
The bat closely misses you. The bat barely misses you. The jackal bites you.
* * * LOW HITPOINT WARNING * * *
The bat closely misses you. The rat barely misses you.
The jackal attacks as it pursues you! The jackal bites you.
* * * LOW HITPOINT WARNING * * *
The jackal attacks as it pursues you! The jackal barely misses you.
The bat closely misses you.
There is an open door here.
The bat attacks as it pursues you! The bat hits you.
You die...

..... #............
.....##............
..................
..................
#####..............
#...#...hr......P.P
#.<.#...h.h#...$P.P
#...####b#h#....P.P
###'####.h..#....P..
#.....'...###....P.P
[..#.....#..........P..
#.8.+..#..#.#######..PPP
#...#.....#.. ....
#####.....+...
###+###.... #...##+####
#.8.#


You could see 3 jackals, a bat and a rat.

Vanquished Creatures
  An endoplasm (D:1)
1 creature vanquished.

Notes
Turn   | Place    | Note
-------+----------+-------------------------------------------
     0 | D:1      | lordive the Merfolk Shapeshifter began the quest for the
                  | Orb.
     0 | D:1      | Reached XP level 1. HP: 15/15 MP: 1/1
    34 | D:1      | Slain by a bat

Illustrated notes

Levels and vault maps discovered:
D:1:      minmay_arrival_stair_chambers, layout_basic, minmay_hedge_maze,
          minmay_pentomino_o4

Action                     || total
---------------------------++-------
  Melee: Unarmed           ||     3
 Armour: Animal skin       ||    12
  Dodge: Dodged            ||     9
   Form: Beast             ||     1
